 Dungeon Crawl Stone Soup version 0.24-a0-702-gaeb99fb (webtiles) character file.

Game seed: 9362689954554084967, levelgen mode: deterministic

55923 tbh1313 the Bludgeoner (level 14, -8/100 HPs)
             Began as a Minotaur Gladiator on Sept 29, 2019.
             Was a Believer of Uskayaw.
             Killed from afar by Jorgrun (33 damage)
             ... with an iron shot
             ... on level 13 of the Dungeon on Sept 30, 2019.
             The game lasted 00:56:07 (17833 turns).

tbh1313 the Bludgeoner (Minotaur Gladiator)        Turns: 17833, Time: 00:56:08

Health: -8/100     AC: 28    Str: 29    XL:     14   Next: 40%
Magic:  20/20      EV: 12    Int: 12    God:    Uskayaw [**....]
Gold:   1386       SH: 15    Dex: 18    Spells: 13/13 levels left

rFire    + . .     SeeInvis .   b - +1 eveningstar (flame)
rCold    . . .     Gourm    .   H - +1 shield
rNeg     . . .     Faith    +   Q - +4 plate armour {rF+}
rPois    .         Spirit   .   c - +2 hat
rElec    .         Reflect  .   n - scarf {repulsion}
rCorr    +         Harm     .   M - +2 pair of gloves {Str+3}
MR       +....                  s - +2 pair of boots
Stlth    ..........             k - amulet of faith
HPRegen  0.26/turn              h - +6 ring of dexterity
MPRegen  0.17/turn              K - ring "Yfuuskex" {rCorr Int+4}

@: mighty, grasped by roots, barbed spikes, constricted, studying Axes,
invisible, repel missiles
A: retaliatory headbutt, horns 2
a: Stomp, Line Pass, Renounce Religion


You were on level 13 of the Dungeon.
You worshipped Uskayaw.
Uskayaw was aware of your devotion.
You were not hungry.

You visited 3 branches of the dungeon, and saw 20 of its levels.
You also visited: Sewer and Volcano.

You collected 1687 gold pieces.
You spent 301 gold pieces at shops.

Inventory:

Hand Weapons
 a - the +6 war axe of Crusades {chop, Dex+5}
   (You found it on level 7 of the Dungeon)

   It inflicts extra damage upon your enemies.
   It affects your dexterity (+5).
 b - a +1 eveningstar of flaming (weapon)
Missiles
 d - 6 throwing nets (quivered)
 l - 10 javelins
 t - 18 boomerangs
Armour
 c - a +2 hat (worn)
 n - a scarf of repulsion (worn)
 s - a +2 pair of boots (worn)
 H - a +1 shield (worn)
 M - a +2 pair of gloves of strength (worn)
 Q - a +4 plate armour of fire resistance (worn)
Jewellery
 h - a +6 ring of dexterity (left hand)
 i - an uncursed ring of see invisible
 k - an amulet of faith (around neck)
 w - an uncursed ring of protection from cold
 K - the ring "Yfuuskex" (right hand) {rCorr Int+4}
   (You found it on level 7 of the Dungeon)

   [ring of resist corrosion]

   It affects your intelligence (+4).
   It provides partial protection from all sources of acid and corrosion.
Wands
 j - a wand of paralysis (19)
 y - a wand of flame (38)
 C - a wand of acid (7)
 F - a wand of polymorph (11)
 I - a wand of digging (8)
 L - a wand of scattershot (5)
Scrolls
 g - 9 scrolls of teleportation
 m - 2 scrolls of fear
 o - 16 scrolls of remove curse
 u - a scroll of vulnerability
 z - a scroll of holy word
 B - 3 scrolls of enchant weapon
 E - 2 scrolls of magic mapping
 G - a scroll of fog {unknown}
 O - a scroll of torment
 P - a scroll of blinking
 T - 2 scrolls of amnesia
Potions
 e - 6 potions of flight
 q - 4 potions of might
 r - a potion of experience {unknown}
 x - 3 potions of brilliance
 A - 4 potions of haste
 D - 6 potions of curing
 N - 5 potions of agility
 R - a potion of degeneration {unknown}
 S - a potion of ambrosia {unknown}
 U - 2 potions of heal wounds
 W - 2 potions of magic
 X - a potion of resistance {unknown}
 Z - a potion of berserk rage {unknown}
Books
 J - a manual of Axes
Miscellaneous
 V - a lamp of fire
Comestibles
 f - 34 rations
 p - 3 chunks of flesh


   Skills:
 - Level 2.4 Fighting
 - Level 13.0(16.1) Axes
 - Level 16.0(17.6) Maces & Flails
 - Level 2.0 Throwing
 - Level 11.8 Armour
 - Level 11.2 Dodging
 + Level 11.9 Shields
 - Level 10.6 Invocations


You had 13 spell levels left.
You didn't know any spells.
Your spell library contained the following spells:

 Spells                   Type           Power        Failure   Level  Hunger
 Animate Skeleton         Necr           N/A          98%         1    ##.....
 Beastly Appendage        Tmut           #.....       98%         1    ##.....
 Pain                     Necr           #...         98%         1    ##.....
 Sandblast                Erth           #.....       98%         1    ##.....
 Summon Butterflies       Summ           #.......     98%         1    ##.....
 Passwall                 Tmut/Erth      #.......     99%         2    ###....
 Sticks to Snakes         Tmut           #.......     99%         2    ###....
 Call Canine Familiar     Summ           #.......     100%        3    ####...
 Regeneration             Chrm/Necr      #.........   100%        3    ####...
 Spider Form              Tmut/Pois      #.........   100%        3    ####...
 Stone Arrow              Conj/Erth      #.....       100%        3    ####...
 Vampiric Draining        Necr           #.........   100%        3    ####...
 Animate Dead             Necr           N/A          100%        4    #####..
 Ice Form                 Ice/Tmut       #.......     100%        4    #####..
 Petrify                  Tmut/Erth      #.......     100%        4    #####..
 Summon Ice Beast         Ice/Summ       #.......     100%        4    #####..
 Blade Hands              Tmut           #.........   100%        5    ######.
 Lee's Rapid Deconstruct  Erth           #.........   100%        5    ######.
 Summon Mana Viper        Hex/Summ       #.......     100%        5    ######.
 Summon Hydra             Summ           #.........   100%        7    #######


Dungeon Overview and Level Annotations

Branches:
Dungeon (13/15)            Temple (1/1) D:6            Lair (6/6) D:10
 Shoals (0/4) Lair:2       Spider (0/4) Lair:3        Slime (0/5) Lair:5
    Orc (0/2) D:12          Sewer (visited)         Volcano (visited)
 Vaults: D:13-14

Altars:
Ashenzari
Cheibriados
Dithmenos
Elyvilon
Fedhas
Hepliaklqana
Kikubaaqudgha
Makhleb
Nemelex Xobeh
Okawaru
Qazlal
Ru
Sif Muna
Trog
Uskayaw
Vehumet
Wu Jian
Xom
Yredelemnul
Zin
The Shining One

Shops:
D:7 [   D:10 =   D:12 *

Annotations:
D:7 1 runed translucent door
D:13 Jorgrun
Lair:1 3 exclusions
Lair:2 exclusions: ice statue and 3 oklob plants


Innate Abilities, Weirdness & Mutations

You reflexively headbutt those who attack you in melee.
You have a pair of horns on your head.


Message History

You block Jorgrun's attack.
* * * LOW HITPOINT WARNING * * *
The grasping roots constrict you!
The manticore flicks its tail.
The volley of spikes hits you.
The barbed spikes become lodged in your body.
* * * LOW HITPOINT WARNING * * *
You feel much better.
The manticore flicks its tail.
You block the volley of spikes. Jorgrun hits you but does no damage.
* * * LOW HITPOINT WARNING * * *
The grasping roots constrict you.
As you read the scroll of fear, it crumbles to dust.
You assume a fearsome visage.
Jorgrun resists with almost no effort.
The manticore looks frightened!
Jorgrun hits you but does no damage. The grasping roots constrict you.
You fade into invisibility!
Jorgrun points at you and mumbles some strange words.
The iron shot hits you!!
You die...

.. #. ############ .. ..
#..........#### .
....###....??....$... .
#...............#
##########..†...@...###
................g..$.H..
....................####
#################....#
###... ####


You could see Jorgrun and a manticore (fleeing).

Levels and vault maps discovered:
D:1:      mrwooster_arrival_statue, layout_rooms
D:2:      layout_loops_ring, nicolae_overflow_hidden_temple
D:3:      layout_rooms, nicolae_ru_sacrificial_ziggurat, uniq_grinder
D:4:      layout_rooms, gup_sewer_entry_pipe, first_ration, elyvilon_altar_5
D:5:      layout_cave_pools
D:6:      layout_cave_pools, minmay_temple_entry_grid,
          nemelex_lonely_heart_becter, uniq_sigmund, uniq_crazy_yiuf_cottage
D:7:      layout_loops_ring, serial_shops, shop, gammafunk_ghost_gnarly_gnolls,
          lemuel_angel_altar, uniq_joseph
D:8:      layout_basic, hangedman_ranch [blue_anna_fruit_fields]
D:9:      layout_roguey
D:10:     layout_rooms, minmay_lair_entry_grove, serial_shops,
          nicolae_shop_statue_plus, uniq_grum
D:11:     minmay_skewed_foursquare, layout_cave_pools,
          fedhas_altar_decomposition, uniq_urug
D:12:     layout_big_octagon, orc_0_dummy, serial_shops,
          nicolae_shop_statue_plus
D:13:     layout_rooms, david_vaults_4, uniq_jorgrun
Temple:   compressed_dpeg_triangle_lava_temple
Lair:1:   layout_chaotic_city, serial_bayou, serial_bayou_pond_c,
          serial_bayou_shore_b, serial_bayou_lagoon_a, serial_bayou_crossing,
          basic_altar, st_stairs_13, uniq_nergalle, uniq_fannar
Lair:2:   dragon1_lemuel, layout_long_grid, minmay_shoals_entry_hut,
          ice2_lemuel, minmay_lair_oklob_chamber, uniq_prince_ribbit2
Lair:3:   layout_hall_layers, nicolae_spider_entry_orb_guardian,
          nicolae_volcano_entry_batcave
Lair:4:   layout_regular_city, beast_lair_carwin_11
Lair:5:   layout_hall_layers, minmay_slime_entry_pillars, grunt_megastairs_5
Lair:6:   grunt_lair_end_beastmaster, layout_long_grid

Notes
Turn   | Place    | Note
-------+----------+-------------------------------------------
     0 | D:1      | tbh1313 the Minotaur Gladiator began the quest for the Orb.
     0 | D:1      | Reached XP level 1. HP: 18/18 MP: 0/0
    34 | D:1      | Reached skill level 4 in Maces & Flails
    95 | D:1      | Reached XP level 2. HP: 21/25 MP: 1/1
   529 | D:2      | Reached XP level 3. HP: 22/30 MP: 2/2
   554 | D:2      | Reached skill level 5 in Maces & Flails
   980 | D:2      | Found an ornate altar of the Wu Jian Council.
  1240 | D:3      | Noticed Grinder
  1243 | D:3      | Paralysed by Grinder for 2 turns
  1248 | D:2      | Paralysed by Grinder for 4 turns
  1265 | D:2      | Paralysed by Grinder for 6 turns
  1277 | D:2      | Killed Grinder
  1277 | D:2      | Reached skill level 6 in Maces & Flails
  1277 | D:2      | Reached XP level 4. HP: 32/37 MP: 3/3
  1277 | D:2      | Reached XP level 5. HP: 37/42 MP: 4/4
  1533 | D:3      | Reached XP level 6. HP: 50/50 MP: 5/5
  1639 | D:3      | Found a sacrificial altar of Ru.
  1914 | D:4      | Reached skill level 7 in Maces & Flails
  2098 | D:4      | Found a glowing drain.
  2112 | Sewer    | Entered a sewer
  2176 | Sewer    | Reached skill level 5 in Dodging
  2228 | Sewer    | Found an ancient bone altar of Kikubaaqudgha.
  2236 | Sewer    | Reached XP level 7. HP: 55/56 MP: 6/6
  2293 | Sewer    | Reached skill level 8 in Maces & Flails
  2542 | D:4      | Found a white marble altar of Elyvilon.
  2555 | D:4      | Reached skill level 9 in Maces & Flails
  2691 | D:5      | Entered Level 5 of the Dungeon
  2784 | D:5      | Reached skill level 1 in Armour
  2784 | D:5      | Reached XP level 8. HP: 59/62 MP: 7/7
  2833 | D:5      | Reached skill level 10 in Maces & Flails
  3355 | D:6      | Noticed Sigmund
  3366 | D:6      | Killed Sigmund
  3366 | D:6      | Reached skill level 11 in Maces & Flails
  3482 | D:6      | Found a sparkling altar of Nemelex Xobeh.
  3610 | D:6      | Found a staircase to the Ecumenical Temple.
  3686 | Temple   | Entered the Ecumenical Temple
  3769 | Temple   | Became a worshipper of Uskayaw the Reveler
  3831 | D:6      | Found a runed translucent door.
  3832 | D:6      | Noticed Crazy Yiuf
  3892 | D:6      | Killed Crazy Yiuf
  3892 | D:6      | Reached * piety under Uskayaw
  3957 | D:7      | Reached ** piety under Uskayaw
  4040 | D:7      | Found a glowing silver altar of Zin.
  4040 | D:7      | Found a runed translucent door.
  4040 | D:7      | Noticed an angel
  4121 | D:7      | Reached skill level 5 in Armour
  4121 | D:7      | Reached XP level 9. HP: 68/68 MP: 8/8
  4122 | D:7      | Found a transporter.
  4123 | D:7      | Found a transporter.
  4125 | D:7      | Noticed Grum
  4127 | D:7      | Got a dazzling war axe
  4145 | D:7      | Reached skill level 12 in Maces & Flails
  4145 | D:7      | Reached *** piety under Uskayaw
  4146 | D:7      | Reached **** piety under Uskayaw
  4149 | D:7      | Reached ***** piety under Uskayaw
  4152 | D:7      | Killed Grum
  4158 | D:7      | Reached ****** piety under Uskayaw
  4181 | D:7      | Identified the +3 scale mail of Duck's Teeth {*Drain rN+
                  | Str+3 Dex+3}
  4181 | D:7      | Noticed Hiru's ghost (novice FoEE)
  4193 | D:7      | Killed Hiru's ghost
  4193 | D:7      | Reached skill level 1 in Invocations
  4215 | D:7      | Got an ancient amber ring
  4365 | D:7      | Identified the ring "Yfuuskex" {rCorr Int+4} (You found it
                  | on level 7 of the Dungeon)
  4498 | D:7      | Noticed Joseph
  4516 | D:7      | Killed Joseph
  4516 | D:7      | Reached skill level 13 in Maces & Flails
  4747 | D:7      | Found Emavu's Armour Emporium.
  4751 | D:7      | Bought a +0 pair of gloves of strength for 184 gold pieces
  4977 | D:8      | Reached XP level 10. HP: 74/74 MP: 9/11
  5222 | D:8      | Noticed a two-headed hydra
  5232 | D:8      | Killed a two-headed hydra
  5232 | D:8      | Reached skill level 14 in Maces & Flails
  6193 | D:9      | Reached skill level 5 in Invocations
  6234 | D:9      | Identified the +6 war axe of Crusades {chop, Dex+5} (You
                  | found it on level 7 of the Dungeon)
  6237 | D:9      | Upgraded the game from 0.24-a0-696-gd18775d to
                  | 0.24-a0-702-gaeb99fb
  6612 | D:9      | Reached skill level 15 in Maces & Flails
  6951 | D:10     | Entered Level 10 of the Dungeon
  6997 | D:10     | Reached XP level 11. HP: 57/80 MP: 10/14
  6998 | D:10     | Found a staircase to the Lair.
  7193 | D:10     | Found Vayguar's Jewellery Shoppe.
  7544 | D:11     | Noticed Urug
  8376 | D:11     | Killed Urug
  8376 | D:11     | Reached skill level 16 in Maces & Flails
  8566 | D:11     | Found a blossoming altar of Fedhas.
  9136 | D:12     | Found Buxunko's Assorted Antiques.
  9139 | D:12     | Noticed a red ugly thing
  9148 | D:12     | Killed a red ugly thing
  9152 | D:12     | Noticed an eight-headed hydra
  9179 | D:11     | Reached skill level 5 in Shields
  9468 | Lair:1   | Entered Level 1 of the Lair of Beasts
  9516 | Lair:1   | Noticed Fannar
  9548 | Lair:1   | Killed Fannar
  9566 | Lair:1   | Noticed Nergalle
  9580 | Lair:1   | Killed Nergalle
 10697 | Lair:1   | Found a sparkling altar of Nemelex Xobeh.
 10831 | Lair:1   | Reached XP level 12. HP: 84/88 MP: 16/16
 11060 | Lair:2   | Noticed a five-headed hydra
 11072 | Lair:2   | Killed a five-headed hydra
 11178 | Lair:2   | Reached skill level 1 in Axes
 11508 | Lair:2   | Reached skill level 5 in Axes
 11821 | Lair:2   | Noticed a fire dragon
 11841 | Lair:2   | Killed a fire dragon
 11841 | Lair:2   | Reached skill level 10 in Armour
 12136 | Lair:2   | Noticed a four-headed hydra
 12165 | Lair:2   | Killed an eight-headed hydra
 12347 | Lair:2   | Noticed Prince Ribbit
 12355 | Lair:2   | Killed Prince Ribbit
 12419 | Lair:2   | Found a staircase to the Shoals.
 12664 | Lair:2   | Found the cursed +13 scythe of Curses {drain, *Curse}
 12782 | Lair:3   | Noticed an eight-headed hydra
 12790 | Lair:3   | Killed an eight-headed hydra
 12790 | Lair:3   | Reached XP level 13. HP: 93/93 MP: 19/19
 12809 | Lair:3   | Found a dark tunnel.
 12818 | Volcano  | Entered a volcano
 12855 | Volcano  | Reached skill level 10 in Dodging
 13512 | Lair:3   | Found a hole to the Spider Nest.
 13973 | Lair:4   | Reached skill level 10 in Invocations
 14312 | Lair:4   | You fall into a shaft and drop 2 floors!
 14312 | Lair:6   | Entered Level 6 of the Lair of Beasts
 14983 | Lair:6   | Reached skill level 10 in Shields
 14984 | Lair:6   | Reached skill level 10 in Axes
 15757 | Lair:5   | Reached XP level 14. HP: 91/100 MP: 20/20
 16336 | Lair:5   | Found a staircase to the Slime Pits.
 17457 | D:12     | Bought a scroll of identify for 78 gold pieces
 17457 | D:12     | Bought a scroll labeled KAISUE ZAESU for 39 gold pieces
 17486 | D:12     | Found a staircase to the Orcish Mines.
 17807 | D:13     | Noticed Jorgrun
 17833 | D:13     | Killed from afar by Jorgrun

Table legend:
 A = Turns spent in this place as a percentage of turns spent in the entire game.
 B = Non-inter-level travel turns spent in this place as a percentage of non-inter-level travel turns spent in the entire game.
 C = Inter-level travel turns spent in this place as a percentage of turns spent in this place.
 D = Turns resting spent in this place as a percentage of non-inter-level travel turns spent in this place.
 E = Turns spent auto-exploring this place as a percentage of non-inter-level travel turns spent in this place.
 F = Non-inter-level travel turns spent in this place divided by the number of levels of this place that you've seen.
                   A       B       C       D       E      F
               +-------+-------+-------+-------+-------+----------------------
         Total | 100.0 | 100.0 |   6.8 |  24.0 |  54.4 | 755.5
       Dungeon |  53.6 |  52.8 |   8.2 |  24.4 |  52.6 | 675.2
        Temple |   0.5 |   0.5 |   6.7 |   0.0 |  78.3 |  83.0
          Lair |  41.6 |  42.1 |   5.6 |  22.7 |  59.9 | 1166.3
         Sewer |   2.0 |   2.1 |   0.0 |   6.6 |  37.6 | 348.0
       Volcano |   2.3 |   2.5 |   0.0 |  58.4 |   8.7 | 416.0
               +-------+-------+-------+-------+-------+----------------------

Table legend:
 A = Kills in this place as a percentage of kills in entire the game.
 B = Kills by you in this place as a percentage of kills by you in the entire game.
 C = Kills by friends in this place as a percentage of kills by friends in the entire game.
 D = Other kills in this place as a percentage of other kills in the entire game.
 E = Experience gained in this place as a percentage of experience gained in the entire game.
 F = Experience gained in this place divided by the number of levels of this place that you have seen.
                   A       B       C       D       E      F
               +-------+-------+-------+-------+-------+----------------------
         Total | 100.0 | 100.0 |   N/A |   N/A | 100.0 | 3631.4
       Dungeon |  58.6 |  58.6 |   N/A |   N/A |  28.6 | 1756.2
          Lair |  33.5 |  33.5 |   N/A |   N/A |  66.7 | 8881.5
         Sewer |   6.8 |   6.8 |   N/A |   N/A |   0.6 | 447.0
       Volcano |   1.2 |   1.2 |   N/A |   N/A |   4.2 | 3324.0
               +-------+-------+-------+-------+-------+----------------------

Action                   |  1- 3 |  4- 6 |  7- 9 | 10-12 | 13-15 || total
-------------------------+-------+-------+-------+-------+-------++-------
Melee: Flail             |    69 |    25 |       |       |       ||    94
       Headbutt          |    14 |    20 |    70 |   174 |   126 ||   404
       Morningstar       |       |    74 |   265 |   487 |     2 ||   828
       War axe           |       |       |       |   108 |   253 ||   361
       Eveningstar       |       |       |       |       |   108 ||   108
Throw: Throwing net      |     3 |       |       |       |       ||     3
Invok: Stomp             |       |       |       |    26 |    11 ||    37
       Grand Finale      |       |       |       |     3 |     3 ||     6
Evoke: Wand              |       |       |       |     5 |       ||     5
  Use: Scroll            |     8 |     4 |    14 |     9 |    10 ||    45
       Potion            |     1 |       |     3 |     3 |     4 ||    11
 Stab: Held in net/web   |     1 |       |       |       |       ||     1
       Paralysed         |       |       |     2 |    42 |    46 ||    90
       Invisible         |       |       |       |     3 |     2 ||     5
       Petrifying        |       |       |       |       |     1 ||     1
  Eat: Chunk             |     1 |     3 |     9 |    19 |     1 ||    33
       Ration            |       |       |       |     5 |     4 ||     9
Armor: Leather armour    |     3 |       |       |       |       ||     3
       Ring mail         |    17 |    29 |    61 |    59 |       ||   166
       Skin              |     7 |       |       |       |       ||     7
       Chain mail        |       |       |       |    60 |       ||    60
       Plate armour      |       |       |       |    91 |   153 ||   244
Dodge: Dodged            |    44 |    64 |   166 |   352 |   161 ||   787
       Deflected         |       |       |     5 |     7 |     7 ||    19
Block: Buckler           |     2 |    27 |    61 |   173 |    65 ||   328
       Shield            |       |       |       |       |    85 ||    85

Vanquished Creatures
  A fire dragon (Lair:2)
  Fannar (Lair:1)
  7 hydras
  A catoblepas (Lair:6)
  A deep troll shaman (Lair:6)
  The ghost of Hiru the Geomancer, a novice FoEE of Okawaru (D:7)
  6 death yaks (Lair:6)
  Urug (D:11)
  Nergalle (Lair:1)
  A sun demon (Volcano)
  An orb spider (Lair:3)
  An orc sorcerer (Volcano)
  A cyclops (D:12)
  16 elephants
  4 ugly things
  A manticore (D:12)
  3 black mambas
  Joseph (D:7)
  11 spiny frogs
  A torpor snail (Lair:5)
  A freezing wraith (Lair:2)
  A rime drake (Lair:2)
  5 komodo dragons
  A red devil (Volcano)
  2 trolls
  4 polar bears (Lair:2)
  Grinder (D:2)
  Prince Ribbit (Lair:2)
  8 slime creatures
  11 blink frogs
  8 dream sheep
  A snapping turtle (Lair:2)
  10 hippogriffs
  Sigmund (D:6)
  A wraith (D:12)
  28 yaks
  2 wyverns
  3 fire bats (Lair:3)
  4 basilisks
  A hungry ghost (D:9)
  Grum (D:7)
  9 water moccasins
  An acid dragon (D:12)
  A soldier ant (D:12)
  10 porcupines
  5 black bears
  4 orc warriors
  6 sky beasts
  5 necrophages
  2 phantoms (D:5)
  9 ice beasts
  3 ogres
  15 wolves
  5 centaurs
  10 crocodiles
  4 big kobolds
  14 bullfrogs
  A gnoll sergeant (D:7)
  A wyvern skeleton (D:9)
  2 scorpions
  7 killer bees
  6 wights
  5 electric eels
  2 howler monkeys (D:4)
  5 crimson imps
  3 centaur zombies
  A quasit (D:8)
  3 bullfrog zombies
  4 jellies
  2 gnoll shamans
  4 bullfrog skeletons
  5 orc priests
  Crazy Yiuf (D:6)
  3 hounds
  12 orc wizards
  4 centaur skeletons
  2 iguanas
  9 worker ants
  A killer bee zombie (D:8)
  4 big kobold zombies (Sewer)
  A hound zombie (D:7)
  A hound skeleton (D:5)
  2 worker ant zombies
  A howler monkey zombie (D:8)
  14 gnolls
  12 adders
  2 shadow imps
  A white imp (Lair:2)
  2 ufetubi (Sewer)
  3 oozes
  An adder skeleton (D:4)
  A worm (D:2)
  3 dart slugs
  12 leopard geckos
  33 orcs
  3 ball pythons
  10 giant cockroaches
  4 goblins
  9 hobgoblins
  2 jackals (D:2)
  5 quokkas
  A ball python skeleton (D:4)
  4 bats
  4 frilled lizards
  24 kobolds
  2 kobold zombies (Sewer)
  A leopard gecko skeleton (D:4)
  A quokka zombie (D:8)
  9 rats
  A bush (D:11)
  2 fungi
  4 plants
521 creatures vanquished.

Vanquished Creatures (collateral kills)
  A plant (Lair:6)
1 creature vanquished.

Vanquished Creatures (others)
  An orc (D:12)
  3 fungi
  10 plants
14 creatures vanquished.

Grand Total: 536 creatures vanquished
